 Dungeon Crawl Stone Soup version 0.24.0-13-gcf9b3192b9 (webtiles) character file.

Game seed: 8117823391127684107, levelgen mode: deterministic

161 OleJ the Bolt Thrower (level 5, -4/36 HPs)
             Began as an Octopode Wanderer on Nov 10, 2019.
             Was a Follower of Uskayaw.
             Slain by a gnoll
             ... wielding a +0 halberd
              (16 damage)
             ... on level 4 of the Dungeon.
             The game lasted 00:05:07 (3176 turns).

OleJ the Bolt Thrower (Octopode Wanderer)           Turns: 3176, Time: 00:05:07

Health: -4/36      AC:  1    Str: 11    XL:     5   Next: 42%
Magic:  7/7        EV: 12    Int: 15    God:    Uskayaw [*.....]
Gold:   171        SH:  0    Dex: 12    Spells: 7/7 levels left

rFire    . . .     SeeInvis .   n - +2 spear (flame)
rCold    . . .     Gourm    .   (no shield)
rNeg     . . .     Faith    .   (helmet restricted)
rPois    .         Spirit   .   (no amulet)
rElec    .         Reflect  .   (no ring)
rCorr    .         Harm     .   (no ring)
MR       .....                  (no ring)
Stlth    +++.......             (no ring)
HPRegen  0.12/turn              (no ring)
MPRegen  0.10/turn              (no ring)
                                (no ring)
                                (no ring)

@: no status effects
A: almost no armour, stealthy swim, amphibious, 8 rings, constrict 8, camouflage
1, gelatinous body 1
a: Stomp, Renounce Religion


You were on level 4 of the Dungeon.
You worshipped Uskayaw.
Uskayaw was noncommittal.
You were not hungry.

You visited 1 branch of the dungeon, and saw 4 of its levels.

You collected 171 gold pieces.

Inventory:

Hand Weapons
 a - a +2 hand crossbow
 e - a +0 dagger
 j - a +0 whip
 n - a +2 spear of flaming (weapon)
Missiles
 b - 24 bolts
 d - 21 poisoned darts (quivered)
Jewellery
 q - an uncursed ring of see invisible {unknown}
 w - an uncursed amulet of the gourmand
Scrolls
 g - 2 scrolls of enchant weapon
 h - 2 scrolls of identify
 o - 3 scrolls of amnesia {unknown}
 p - a scroll of blinking {unknown}
 r - a scroll of fear {unknown}
 s - 2 scrolls of remove curse {unknown}
 v - a scroll of enchant armour {unknown}
 x - a scroll of immolation {unknown}
Potions
 c - 3 potions of curing
 i - 2 potions of magic
 k - 4 potions of flight
 m - a potion of cancellation
 t - 2 potions of haste {unknown}
 u - 3 potions of heal wounds {unknown}
Comestibles
 f - 2 rations
 l - 3 chunks of flesh


   Skills:
 + Level 3.1 Fighting
 + Level 4.2 Crossbows
 + Level 2.0 Throwing
 + Level 3.0 Stealth
 + Level 1.9 Spellcasting
   Level 1.0 Translocations
   Level 1.0 Ice Magic


You had 7 spell levels left.
You didn't know any spells.
Your spell library was empty.

Dungeon Overview and Level Annotations

Branches:
Dungeon (4/15)
 Temple: D:4-7

Altars:
Ashenzari
Kikubaaqudgha
Makhleb
Nemelex Xobeh
Okawaru
Ru
Sif Muna
Uskayaw
Vehumet
Xom
Zin
The Shining One


Innate Abilities, Weirdness & Mutations

You cannot wear most types of armour.
You are very stealthy in the water. (Stealth+)
You are amphibious.
You can wear up to eight rings at the same time.
You can use your tentacles to constrict eight enemies at once.
Your skin changes colour to match your surroundings (Stealth+).
Your rubbery body absorbs attacks. (AC +1, EV +1)


Message History

You hear a shout!
A gnoll comes into view. It is wielding a +0 halberd.
You hear a shout!
An orc comes into view. It is wielding a +0 club.
The orc moves out of view.
Found 9 gold pieces.
Found a stone staircase leading up.
The gnoll throws a throwing net.
The throwing net closely misses you.
An orc comes into view. It is wielding a +0 trident.
The gnoll hits you with a +0 halberd.
Found an escape hatch in the floor.
The gnoll barely misses you.
A scorpion comes into view.
The orc hits you with a +0 club.
The gnoll hits you from afar with a +0 halberd!
The orc hits you with a +0 club. The gnoll barely misses you.
The quokka skeleton closely misses you.
There is a stone staircase leading up here.
The orc hits you with a +0 club.
The gnoll hits you from afar with a +0 halberd!
You die...

#. .. .. ####.#.. .. ...
#......##.#....o
##.........#.>... #.
.......s...... ###.
............. .....
#.........#
#...#.o.....#
#...Z@.....## ....
........$...## ##....
.........g..##### #.....
##..$..........(# ##.##.
#....###.#g##.####.....
#....######...#........
#....Z.##..............
.....#.#.........รท.....
.....#g.....###.###....


You could see a scorpion, 2 gnolls, an orc and a quokka skeleton.

Vanquished Creatures
  An orc priest (D:3)
  5 adders (D:3)
  A worm (D:3)
  5 dart slugs
  3 leopard geckos
  2 orcs (D:3)
  2 ball pythons
  10 bats
  8 goblins (D:1)
  8 hobgoblins
  2 jackals (D:3)
  10 kobolds
  2 quokkas
  5 frilled lizards
  5 rats
69 creatures vanquished.

Notes
Turn   | Place    | Note
-------+----------+-------------------------------------------
     0 | D:1      | OleJ the Octopode Wanderer began the quest for the Orb.
     0 | D:1      | OleJ set off with the following items: a +2 hand crossbow,
                  | 28 bolts, a potion of curing, 8 poisoned darts, a +0
                  | dagger, a ration
     0 | D:1      | Reached XP level 1. HP: 14/14 MP: 2/2
   211 | D:1      | Reached XP level 2. HP: 19/19 MP: 3/3
   588 | D:1      | Reached XP level 3. HP: 25/25 MP: 4/4
   848 | D:2      | Found an iron altar of Okawaru.
   848 | D:2      | Found a shimmering altar of Xom.
   851 | D:2      | Found a glowing silver altar of Zin.
   951 | D:2      | Found a burning altar of Makhleb.
   953 | D:2      | Found an ancient bone altar of Kikubaaqudgha.
   953 | D:2      | Found a hide-covered altar of Uskayaw.
   953 | D:2      | Found a glowing golden altar of the Shining One.
   953 | D:2      | Found a radiant altar of Vehumet.
   954 | D:2      | Found a sparkling altar of Nemelex Xobeh.
   955 | D:2      | Found a sacrificial altar of Ru.
   956 | D:2      | Found a shimmering blue altar of Sif Muna.
   958 | D:2      | Found a shattered altar of Ashenzari.
   961 | D:2      | Became a worshipper of Uskayaw the Reveler
  1028 | D:2      | Reached * piety under Uskayaw
  1045 | D:2      | Reached ** piety under Uskayaw
  1489 | D:2      | Reached XP level 4. HP: 29/30 MP: 5/5
  2091 | D:3      | Reached skill level 4 in Crossbows
  2097 | D:3      | Reached *** piety under Uskayaw
  2388 | D:3      | Reached XP level 5. HP: 21/36 MP: 7/7
  3176 | D:4      | Slain by a gnoll

Levels and vault maps discovered:
D:1:      minmay_arrival_cross, layout_loops_ring, minmay_crystal_room,
          minmay_tall_x
D:2:      layout_loops_cross, minitemple, nrook_mini_vaults
D:3:      layout_basic, corexii_leaking_fountain
D:4:      layout_cave_pools, first_ration, cheibrodos_sewer_entry_bend

Skill      XL: |  1  2  3  4  5 |
---------------+----------------+-----
Stealth        | 2 3 |  3.0
Crossbows      | 4 |  4.2
Fighting       | 3 |  3.1
Throwing       | 2 |  2.0
Spellcasting   | |  1.9
Translocations | |  1.0
Ice Magic      | |  1.0

Action                   |  1- 3 |  4- 6 || total
-------------------------+-------+-------++-------
Melee: Spear             |    53 |    52 ||   105
       Constrict         |    12 |    10 ||    22
       Tentacles         |     3 |     7 ||    10
 Fire: Hand crossbow     |    24 |       ||    24
  Use: Scroll            |       |     7 ||     7
       Potion            |       |     1 ||     1
 Stab: Sleeping          |    10 |    11 ||    21
       Distracted        |       |     1 ||     1
  Eat: Chunk             |     1 |     6 ||     7
Armor: Skin              |     5 |     4 ||     9
Dodge: Dodged            |    20 |    16 ||    36
